[Event "Titled Tuesday Blitz June 20 Late 2023"]
[White "Erdogmus, Yagiz Kaan"]
[Black "Ince, Taylan Ruzgar"]
[WhiteFideId "44599790"]
[BlackFideId "44513089"]
[WhiteElo "2359"]
[BlackElo "2147"]
[Result "1/2-1/2"]
[Round "3"]
[TimeControl "180+2"]
[Date "2023.06.20"]
[WhiteClock "0:00:12"]
[BlackClock "0:00:21"]
[Board "30"]

1. e4 e6 2. d4 d5 3. e5 c5 4. c3 Nc6 5. Nf3 Qb6 6. Bd3 cxd4 7. O-O Bd7 8. Nbd2 a6 9. Re1 Nge7 10. c4 Nb4 11. Bb1 d3 12. a3 Nc2 13. Bxc2 dxc2 14. Qxc2 Rc8 15. b3 Ng6 16. b4 dxc4 17. Ne4 Bc6 18. Qxc4 Qb5 19. Qc3 Be7 20. Bg5 O-O 21. Bxe7 Bxe4 22. Qe3 Nxe7 23. Qxe4 Rc4 24. Qe2 Rfc8 25. Ng5 Ng6 26. Rad1 h6 27. Nf3 Nf4 28. Qd2 Nd5 29. Rc1 Qc6 30. Nd4 Qc7 31. Nb3 b6 32. Rxc4 Qxc4 33. Rc1 Nc3 34. Nd4 Rd8 35. Qxc3 Qxc3 36. Rxc3 Rxd4 37. g3 Rd1+ 38. Kg2 Ra1 39. Rc8+ Kh7 40. Rc6 Rxa3 41. Rxb6 Ra4 42. Rb7 Kg6 43. f4 a5 44. b5 Rb4 45. Kf3 a4 46. g4 a3 47. h4 a2 48. h5+ Kh7 49. Ra7 Rxb5 50. Rxa2 g6 51. Ra7 Kg7 52. hxg6 Kxg6 53. Ra6 Rb3+ 54. Kg2 Rc3 55. Ra8 Kg7 56. Ra2 Rd3 57. Rf2 Rc3 58. Rf3 Rc4 59. Kg3 Kg6 60. f5+ exf5 61. Rxf5 Re4 62. Kf3 Ra4 63. Kg3 Ra3+ 64. Kh4 Ra1 65. Rf6+ Kg7 66. Kg3 Rg1+ 67. Kh4 Rh1+ 68. Kg3 Rg1+ 69. Kh3 Rh1+ 70. Kg2 Re1 71. Rf5 Re4 72. Kf3 Ra4 73. Rf4 Ra3+ 74. Ke4 Kg6 75. Rf6+ Kg7 76. Kf4 Ra4+ 77. Kf5 Ra1 78. Rc6 Rf1+ 79. Ke4 Re1+ 80. Kf4 Rf1+ 81. Ke4 Re1+ 82. Kd5 Rd1+ 83. Ke4 Re1+ 1/2-1/2


[Site "https://www.chess.com"]

[Event "Titled Tuesday Blitz June 20 Late 2023"]
[White "Simonian, Hrair"]
[Black "brm72"]
[WhiteFideId "13302337"]
[WhiteElo "2447"]
[BlackElo "2563"]
[Result "0-1"]
[Round "3"]
[TimeControl "180+2"]
[Date "2023.06.20"]
[WhiteClock "0:00:29"]
[BlackClock "0:00:23"]
[Board "31"]

1. e4 c6 2. d4 d5 3. Nd2 dxe4 4. Nxe4 Nf6 5. Nxf6+ exf6 6. c3 Bd6 7. Bd3 O-O 8. Qc2 Re8+ 9. Ne2 h5 10. O-O Qc7 11. h3 Nd7 12. Bd2 Nf8 13. Rae1 Be6 14. c4 Rad8 15. f4 Bc8 16. c5 Be7 17. f5 b6 18. b4 a5 19. cxb6 Qxb6 20. bxa5 Qa7 21. Kh1 c5 22. dxc5 Bxc5 23. Bb5 Re7 24. Ng3 h4 25. Ne4 Bd4 26. Bb4 Re5 27. a4 Bb7 28. Nd2 Qa8 29. Nc4 Rxe1 30. Rxe1 Nh7 31. Nb6 Qb8 32. Bd2 Qg3 33. Qd3 Qxg2# 0-1


[Site "https://www.chess.com"]

[Event "Titled Tuesday Blitz June 20 Late 2023"]
[White "Leenhouts, Koen"]
[Black "Maksimovic, Bojan"]
[WhiteFideId "1008439"]
[BlackFideId "14408120"]
[WhiteElo "2409"]
[BlackElo "2457"]
[Result "1/2-1/2"]
[Round "3"]
[TimeControl "180+2"]
[Date "2023.06.20"]
[WhiteClock "0:00:09"]
[BlackClock "0:00:07"]
[Board "32"]

1. e4 c5 2. Nf3 e6 3. d3 d5 4. Nbd2 Nc6 5. g3 Bd6 6. Bg2 Nge7 7. O-O O-O 8. c3 Qc7 9. Qe2 Bd7 10. Re1 f6 11. Nf1 Rae8 12. Be3 f5 13. exd5 Nxd5 14. d4 Nxe3 15. Nxe3 cxd4 16. cxd4 f4 17. Nc4 fxg3 18. hxg3 Rf6 19. Nxd6 Qxd6 20. Rad1 Ref8 21. Ne5 Rxf2 22. Qxf2 Rxf2 23. Kxf2 Nxe5 24. Rxe5 h6 25. a3 b6 26. Rd2 a5 27. Re3 Bc6 28. Bxc6 Qxc6 29. Rde2 Qd5 30. Rxe6 Qxd4+ 31. Kg2 Kh7 32. R6e4 Qd3 33. R4e3 Qd5+ 34. Kf2 h5 35. Re5 Qd4+ 36. Kg2 g6 37. R5e4 Qd5 38. Kh2 Kh6 39. Re8 Qd4 40. R8e4 Qd6 41. Rf4 b5 42. Rfe4 b4 43. axb4 axb4 44. Rf4 b3 45. Rfe4 Qd5 46. Rf4 Qd3 47. Rfe4 Qf3 48. R4e3 Qd5 49. Re4 Kg7 50. Re7+ Kf6 51. R7e3 g5 52. Rf2+ Kg6 53. Rfe2 h4 54. gxh4 gxh4 55. Rg2+ Kf5 56. Rf2+ Kg4 57. Rg2+ Kh5 58. Rge2 Qd6+ 59. Kg2 Qc6+ 60. Kh2 Kg5 61. Rg2+ Kf5 62. Rf2+ Kg5 63. Rg2+ Kh5 64. Rge2 Kg4 65. Re4+ Kf5 66. Rxh4 Qf3 67. Rg2 Qd3 68. Rh3 Qd6+ 69. Rhg3 Qh6+ 70. Kg1 Qc1+ 71. Kh2 Qh6+ 72. Kg1 Qc1+ 73. Kh2 Qc7 74. Rf2+ Ke4 75. Kg2 Qb7 76. Rgf3 Kd4 77. Kf1 Qh7 78. Rf4+ Kd5 79. Rf5+ Ke6 80. Rf6+ Ke5 81. R6f5+ Qxf5 82. Rxf5+ Kxf5 83. Ke2 Ke4 84. Kd2 Kd4 85. Ke2 Ke4 86. Kd2 Kd4 87. Ke2 Ke4 1/2-1/2


[Site "https://www.chess.com"]

[Event "Titled Tuesday Blitz June 20 Late 2023"]
[White "Maximov, Dmitry"]
[Black "Shapiro, Viktor"]
[WhiteFideId "14105659"]
[BlackFideId "4175700"]
[WhiteElo "2494"]
[BlackElo "2212"]
[Result "1-0"]
[Round "3"]
[TimeControl "180+2"]
[Date "2023.06.20"]
[WhiteClock "0:01:02"]
[BlackClock "0:01:04"]
[Board "33"]

1. e4 Nf6 2. Nc3 d5 3. e5 Nfd7 4. d4 e6 5. Nf3 c5 6. dxc5 Bxc5 7. Bd3 Nc6 8. Bf4 h6 9. h4 a6 10. Qe2 Bb4 11. Kf1 Bxc3 12. bxc3 b5 13. Rh3 g6 14. Kg1 Bb7 15. Rg3 Ne7 16. Nd4 Nc5 17. Qe3 h5 18. Bg5 Qc7 19. Bf6 Rg8 20. Qg5 Nc6 21. Qh6 Kd7 22. Rf3 Nxd3 23. cxd3 Raf8 24. Bg7 Nxe5 25. Bxf8 Nxf3+ 26. Nxf3 Qxc3 27. Rc1 Qb2 28. Qf4 Rxf8 29. Rc7+ Ke8 30. Qd6 1-0


[Site "https://www.chess.com"]

[Event "Titled Tuesday Blitz June 20 Late 2023"]
[White "Taboas Rodriguez, Daniel"]
[Black "Hambleton, Aman"]
[WhiteFideId "2208466"]
[BlackFideId "2606577"]
[WhiteElo "2365"]
[BlackElo "2511"]
[Result "1/2-1/2"]
[Round "3"]
[TimeControl "180+2"]
[Date "2023.06.20"]
[WhiteClock "0:01:05"]
[BlackClock "0:00:02"]
[Board "34"]

1. d4 Nf6 2. Nf3 e6 3. c4 b6 4. Nc3 Bb7 5. Bg5 Be7 6. e3 h6 7. Bh4 Ne4 8. Nxe4 Bxe4 9. Bg3 O-O 10. Bd3 Bb7 11. O-O d6 12. e4 Nd7 13. Qe2 Re8 14. Rfe1 Bf8 15. Rad1 c5 16. e5 dxe5 17. dxe5 Qc7 18. Bb1 Be7 19. Nd2 Nf8 20. Ne4 Bxe4 21. Qxe4 Rad8 22. f4 Rxd1 23. Rxd1 Rd8 24. Rd3 g6 25. Bf2 Rd7 26. Kf1 h5 27. Ke2 Rxd3 28. Bxd3 Nd7 29. Qa8+ Kg7 30. g3 Nb8 31. Be4 Nd7 32. Qc6 Qxc6 33. Bxc6 Nb8 34. Be4 Kf8 35. h3 Ke8 36. g4 hxg4 37. hxg4 Kd7 38. Kd3 Nc6 39. a3 Kc7 40. Bg3 Na5 41. f5 gxf5 42. gxf5 Nc6 43. f6 Bf8 44. Bf4 Kd7 45. Bh7 Ke8 46. Be4 Kd7 47. Bg2 Na5 48. Kc3 Nc6 49. Be4 Nd4 50. Kd3 Nc6 1/2-1/2


[Site "https://www.chess.com"]

[Event "Titled Tuesday Blitz June 20 Late 2023"]
[White "Perske, Thore"]
[Black "jasardo"]
[WhiteFideId "12902195"]
[WhiteElo "2336"]
[BlackElo "2766"]
[Result "0-1"]
[Round "3"]
[TimeControl "180+2"]
[Date "2023.06.20"]
[WhiteClock "0:00:33"]
[BlackClock "0:02:07"]
[Board "35"]

1. d4 d5 2. Nf3 Nf6 3. g3 g6 4. Bg2 Bg7 5. O-O O-O 6. c4 c6 7. cxd5 Nxd5 8. Nc3 Bf5 9. Nxd5 cxd5 10. Bf4 Nc6 11. Ne5 Rc8 12. Nxc6 Rxc6 13. Qb3 Rb6 14. Qxd5 Rxb2 15. Qxd8 Rxd8 16. Rfd1 Rxd4 17. Rxd4 Bxd4 18. Rd1 e5 19. Bc1 Rxe2 20. Bxb7 Bxf2+ 21. Kf1 Rxa2 22. Rd8+ Kg7 23. Bd2 Bb6 0-1


[Site "https://www.chess.com"]

[Event "Titled Tuesday Blitz June 20 Late 2023"]
[White "Ozates, Tuna"]
[Black "Bryakin, Mikhail"]
[WhiteFideId "6354521"]
[BlackFideId "4165314"]
[WhiteElo "2151"]
[BlackElo "2464"]
[Result "0-1"]
[Round "3"]
[TimeControl "180+2"]
[Date "2023.06.20"]
[WhiteClock "0:00:03"]
[BlackClock "0:00:03"]
[Board "36"]

1. e4 e6 2. d4 d5 3. exd5 exd5 4. Bd3 Nf6 5. h3 Bd6 6. Qf3 Be6 7. Ne2 Nc6 8. c3 h6 9. Bf4 Bxf4 10. Nxf4 Qd6 11. Nd2 O-O-O 12. O-O-O Bd7 13. Rde1 Rde8 14. Nh5 Nxh5 15. Qxh5 g6 16. Qf3 f5 17. Qg3 Qxg3 18. fxg3 Kd8 19. Nf3 b6 20. Bb5 Nb8 21. Bd3 Nc6 22. b4 Rxe1+ 23. Rxe1 Re8 24. Rf1 Ne7 25. Kd2 Rf8 26. Ne5 g5 27. a4 Bxa4 28. Ra1 b5 29. Rh1 f4 30. g4 Ng8 31. h4 Nf6 32. hxg5 hxg5 33. Rh6 Ne4+ 34. Bxe4 dxe4 35. Ra6 f3 36. gxf3 exf3 37. Rxa7 Rf6 38. Ke1 f2+ 39. Kf1 Bd1 40. Ra2 Bb3 41. Rxf2 Ra6 42. Rf8+ Ke7 43. Rf7+ Bxf7 0-1


[Site "https://www.chess.com"]

[Event "Titled Tuesday Blitz June 20 Late 2023"]
[White "Suarez Uriel, Adrian"]
[Black "Mahdavi, Reza"]
[WhiteFideId "22230874"]
[BlackFideId "12595926"]
[WhiteElo "2331"]
[BlackElo "2395"]
[Result "1-0"]
[Round "3"]
[TimeControl "180+2"]
[Date "2023.06.20"]
[WhiteClock "0:01:01"]
[BlackClock "0:00:13"]
[Board "37"]

1. e4 c5 2. Ne2 d6 3. g3 Nf6 4. Bg2 Nc6 5. c3 g6 6. d4 cxd4 7. cxd4 Bg4 8. f3 Bd7 9. O-O Bg7 10. Nbc3 O-O 11. Be3 Rc8 12. Rc1 a6 13. Qd2 Na5 14. b3 b5 15. h3 b4 16. Nb1 Qb6 17. d5 Qb8 18. Nd4 Rxc1 19. Rxc1 Rc8 20. Rxc8+ Qxc8 21. Qxb4 Nb7 22. Qc3 Nc5 23. b4 Qb7 24. Nd2 Na4 25. Qb3 Ne8 26. Nc4 Qc8 27. Kh2 h5 28. h4 Kh7 29. Na5 Nc3 30. Nac6 Nb5 31. Nxe7 Nxd4 32. Bxd4 Qc1 33. Bxg7 Kxg7 34. Nc6 Bxc6 35. dxc6 Qxc6 36. a4 Nc7 37. Bf1 Qb6 38. Kg2 Qd4 39. Qc4 Qd2+ 40. Be2 d5 41. exd5 Nxd5 42. Qd3 Qxd3 43. Bxd3 Nxb4 44. Bc4 a5 45. Kf2 f5 46. Ke3 Kf6 47. Kd4 f4 48. gxf4 Kf5 49. Bf7 Nc6+ 50. Kc5 Ne7 51. Kb5 Kxf4 52. Kxa5 g5 53. hxg5 h4 54. Be6 Nf5 55. g6 h3 56. g7 Nxg7 57. Bxh3 Kxf3 58. Bd7 Nh5 59. Kb6 Nf6 60. Bc6+ Kf4 61. a5 Ng8 62. a6 Ne7 63. Bb7 1-0


[Site "https://www.chess.com"]

[Event "Titled Tuesday Blitz June 20 Late 2023"]
[White "Dilmukhametov, Artur"]
[Black "Nazari, Arad"]
[WhiteFideId "24179922"]
[BlackFideId "12577324"]
[WhiteElo "2242"]
[BlackElo "2175"]
[Result "1/2-1/2"]
[Round "3"]
[TimeControl "180+2"]
[Date "2023.06.20"]
[WhiteClock "0:01:07"]
[BlackClock "0:00:19"]
[Board "38"]

1. e4 c5 2. Nf3 d6 3. Bb5+ Nd7 4. O-O a6 5. Bxd7+ Bxd7 6. h3 Nf6 7. e5 dxe5 8. Nxe5 e6 9. d4 Bd6 10. Nxd7 Nxd7 11. Be3 Qc7 12. Nd2 Bh2+ 13. Kh1 Bf4 14. c3 O-O 15. Qf3 Bxe3 16. fxe3 Rad8 17. Ne4 cxd4 18. exd4 Qc6 19. Rae1 h6 20. Qg3 Kh8 21. Qh4 f5 22. Ng5 Rde8 23. Nf3 Kg8 24. Ne5 Nxe5 25. Rxe5 Qc4 26. Ra1 Rf6 27. Qf2 Rc8 28. a3 Kh7 29. Rae1 Rc6 30. Qf3 Rb6 31. R1e2 Qa2 32. Qf2 Rg6 33. Kh2 Rc6 34. d5 exd5 35. Qxf5 Rf6 36. Qd3 Qa1 37. Re6 Qf1 38. Rxf6 Qxf6 39. Qxd5 Qf4+ 40. Kg1 Qc1+ 41. Kh2 Qf4+ 42. Kh1 Qc1+ 43. Kh2 Qf4+ 1/2-1/2


[Site "https://www.chess.com"]

[Event "Titled Tuesday Blitz June 20 Late 2023"]
[White "Firouzja, Alireza"]
[Black "Fodor, Tamas Jr."]
[WhiteFideId "12573981"]
[BlackFideId "723762"]
[WhiteElo "2896"]
[BlackElo "2504"]
[Result "1-0"]
[Round "3"]
[TimeControl "180+2"]
[Date "2023.06.20"]
[WhiteClock "0:01:35"]
[BlackClock "0:00:15"]
[Board "39"]

1. d4 d5 2. Bg5 h6 3. Bh4 c5 4. dxc5 Nc6 5. e4 d4 6. Nd2 Qa5 7. Nf3 e5 8. a3 Qxc5 9. b4 Qd6 10. Nc4 Qe6 11. b5 Nce7 12. Nfxe5 Nf6 13. Qxd4 Ng6 14. O-O-O Be7 15. Nxg6 fxg6 16. Nd6+ Bxd6 17. Qxd6 Qxd6 18. Rxd6 g5 19. Bg3 Nxe4 20. Rd4 Nxg3 21. hxg3 Be6 22. Bc4 Bxc4 23. Rxc4 O-O 24. Rd1 Rxf2 25. Rc7 Rf7 26. Rxf7 Kxf7 27. Rd7+ Kg6 28. Rxb7 Kf5 29. c4 Kg4 30. c5 Kxg3 31. c6 Kxg2 32. c7 Rc8 33. Rxa7 h5 34. b6 h4 35. Kb2 h3 36. b7 Rxc7 37. b8=Q Rxa7 38. Qxa7 h2 39. Qb7+ Kg1 40. Qb6+ Kf1 41. Qc6 1-0


[Site "https://www.chess.com"]

[Event "Titled Tuesday Blitz June 20 Late 2023"]
[White "Kakabayev, Mergen"]
[Black "Svane, Rasmus"]
[WhiteFideId "14002990"]
[BlackFideId "4657101"]
[WhiteElo "2240"]
[BlackElo "2601"]
[Result "1-0"]
[Round "3"]
[TimeControl "180+2"]
[Date "2023.06.20"]
[WhiteClock "0:00:52"]
[BlackClock "0:00:41"]
[Board "40"]

1. e4 c6 2. d4 d5 3. e5 Bf5 4. h4 h5 5. Bd3 Bxd3 6. Qxd3 Qa5+ 7. Nd2 e6 8. Nf3 Nh6 9. O-O Nf5 10. c4 Be7 11. g3 O-O 12. b3 Rd8 13. a4 c5 14. Ba3 Nc6 15. dxc5 dxc4 16. Qxc4 Rxd2 17. b4 Qd8 18. Nxd2 Qxd2 19. Rad1 Nxe5 20. Qe4 Qc3 21. Bc1 a5 22. Qxb7 Rf8 23. Bf4 axb4 24. Bxe5 Qxe5 25. c6 Bc5 26. Rd3 Nxg3 27. c7 Ne2+ 28. Kh1 Kh7 29. Rd8 Qf6 30. Qe4+ g6 31. Rxf8 Ng3+ 32. Kg2 Nxe4 33. c8=Q Qxh4 34. Rxf7+ Kh6 35. Qh8+ Kg5 36. Qd8+ Kg4 37. f3# 1-0


[Site "https://www.chess.com"]

[Event "Titled Tuesday Blitz June 20 Late 2023"]
[White "Michalik, Peter"]
[Black "Sai Krishna G V"]
[WhiteFideId "14907526"]
[BlackFideId "5028280"]
[WhiteElo "2585"]
[BlackElo "2359"]
[Result "0-1"]
[Round "3"]
[TimeControl "180+2"]
[Date "2023.06.20"]
[WhiteClock "0:00:09"]
[BlackClock "0:00:17"]
[Board "41"]

1. e4 e5 2. Nf3 Nc6 3. Bb5 a6 4. Ba4 d6 5. O-O Nf6 6. Re1 b5 7. Bb3 Be7 8. c3 O-O 9. h3 Nd7 10. d4 Bf6 11. Be3 Na5 12. Bc2 Nc4 13. Bc1 Bb7 14. b3 Ncb6 15. Nbd2 Re8 16. Nf1 exd4 17. cxd4 c5 18. Bb2 g6 19. Rc1 Rc8 20. Bb1 c4 21. Qd2 d5 22. e5 Be7 23. e6 fxe6 24. Rxe6 Nf8 25. Re5 b4 26. Qh6 c3 27. Ba1 Bf6 28. Rxe8 Qxe8 29. Re1 Qf7 30. Ne3 Ne6 31. Ng4 c2 32. Bxc2 Rxc2 33. Qe3 Bg7 34. Qxe6 Qxe6 35. Rxe6 Nc8 36. Re1 Rxa2 37. Ng5 Nd6 38. Ne6 Bc8 39. Nxg7 Kxg7 40. Ne3 Be6 41. Rc1 Nb5 42. f3 a5 43. Kh2 Re2 44. Nc2 Bf5 45. Ne1 Ra2 46. h4 h5 47. Kg3 Kf6 48. Kf4 Nd6 49. g4 hxg4 50. fxg4 Be4 51. Rc6 Ke7 52. Rc1 Nf7 53. Ke3 Rh2 54. h5 gxh5 55. gxh5 Rxh5 56. Rc7+ Kf6 57. Rc6+ Kf5 58. Rc5 Rh3+ 59. Kf2 Rh2+ 60. Ke3 Ra2 61. Rc1 Nh6 62. Nd3 Ng4# 0-1


[Site "https://www.chess.com"]

[Event "Titled Tuesday Blitz June 20 Late 2023"]
[White "Anton Guijarro, David"]
[Black "Bernabeu Lopez, Carlos Javier"]
[WhiteFideId "2285525"]
[BlackFideId "2235366"]
[WhiteElo "2618"]
[BlackElo "2344"]
[Result "1-0"]
[Round "3"]
[TimeControl "180+2"]
[Date "2023.06.20"]
[WhiteClock "0:00:21"]
[BlackClock "0:00:09"]
[Board "42"]

1. Nf3 Nf6 2. b3 g6 3. Bb2 Bg7 4. g3 O-O 5. Bg2 d5 6. c4 c6 7. O-O Bg4 8. d3 Bxf3 9. exf3 e6 10. f4 Nfd7 11. Bxg7 Kxg7 12. Nd2 a5 13. Nf3 Qf6 14. d4 Na6 15. Ne5 Nxe5 16. fxe5 Qe7 17. Qg4 Rad8 18. Rfd1 h6 19. h4 h5 20. Qf4 Nc7 21. Rac1 Ra8 22. cxd5 Nxd5 23. Bxd5 exd5 24. Rd3 a4 25. b4 f6 26. b5 fxe5 27. Qxe5+ Qxe5 28. dxe5 Rac8 29. Rdc3 Rfe8 30. f4 Re6 31. Rc5 d4 32. Kf2 Kf7 33. Ke2 Ke7 34. Kd3 Kd7 35. R1c4 Kc7 36. bxc6 bxc6 37. Rxa4 Rb8 38. Ra7+ Kb6 39. Rca5 Ree8 40. Kc4 Rb7 41. Rxb7+ Kxb7 42. Kxd4 Rd8+ 43. Ke3 Rd1 44. Ke2 Rg1 45. Kf2 Rd1 46. e6 Kc7 47. Rg5 Rd2+ 48. Kf3 Rxa2 49. Rxg6 Kd6 50. f5 c5 51. Rg7 c4 52. e7 Ra8 53. Ke4 c3 54. Kd3 Rc8 55. Kc2 Ke5 56. Rf7 Kd4 57. Rf8 1-0


[Site "https://www.chess.com"]

[Event "Titled Tuesday Blitz June 20 Late 2023"]
[White "Lewtak, Damian"]
[Black "Indjic, Aleksandar"]
[WhiteFideId "1141724"]
[BlackFideId "911925"]
[WhiteElo "2302"]
[BlackElo "2614"]
[Result "1/2-1/2"]
[Round "3"]
[TimeControl "180+2"]
[Date "2023.06.20"]
[WhiteClock "0:00:04"]
[BlackClock "0:00:20"]
[Board "43"]

1. e4 c5 2. Nf3 d6 3. Bb5+ Nd7 4. O-O Nf6 5. Re1 a6 6. Bf1 b6 7. c3 Bb7 8. Qc2 Rc8 9. a4 e6 10. Na3 Be7 11. Qb1 O-O 12. d4 cxd4 13. cxd4 Nxe4 14. Rxe4 Rxc1 15. Qxc1 Bxe4 16. Bxa6 Bxf3 17. gxf3 Qa8 18. Bb5 Rc8 19. Qd1 Nf6 20. Nc4 Qb7 21. Ne3 d5 22. Rc1 h5 23. Rxc8+ Qxc8 24. Qc2 Qb8 25. Qc6 Bb4 26. Ba6 Qf4 27. Qxb6 Bd2 28. Qb3 Qxd4 29. Be2 g6 30. Nc2 Qe5 31. Qd3 Bf4 32. a5 Qg5+ 33. Kf1 Bxh2 34. Ke1 Qc1+ 35. Bd1 Qxb2 36. a6 Bb8 37. Qd4 Qxd4 38. Nxd4 Ba7 39. Nc6 Bb6 40. a7 Bxa7 41. Nxa7 Nd7 42. Nc6 Ne5 43. Be2 Kg7 44. Nxe5 Kf6 45. Nd3 Ke7 46. f4 Kd6 47. Kf1 Ke7 48. Kg2 f6 49. Kg3 Kd6 50. Kh4 Ke7 51. Ne1 Kf7 52. Bd3 Ke7 53. Nf3 Kf7 54. Bc2 Kg7 55. Bd3 Kf7 56. Nd4 e5 57. fxe5 fxe5 58. Nc6 e4 59. Be2 Kf6 60. Ba6 Kf5 61. Bb7 Kf4 62. Nd4 e3 63. Bxd5 exf2 64. Bg2 Ke3 65. Nf3 f1=Q 66. Bxf1 Kxf3 67. Bd3 Kf4 68. Bxg6 Ke3 69. Bxh5 1/2-1/2


[Site "https://www.chess.com"]

[Event "Titled Tuesday Blitz June 20 Late 2023"]
[White "Durarbayli, Vasif"]
[Black "Subelj, Jan"]
[WhiteFideId "13402935"]
[BlackFideId "14618583"]
[WhiteElo "2551"]
[BlackElo "2499"]
[Result "1-0"]
[Round "3"]
[TimeControl "180+2"]
[Date "2023.06.20"]
[WhiteClock "0:00:08"]
[BlackClock "0:00:00"]
[Board "44"]

1. e4 c6 2. d4 d5 3. exd5 cxd5 4. c4 Nf6 5. Nc3 g6 6. Nf3 Bg7 7. Qb3 dxc4 8. Bxc4 O-O 9. Ne5 e6 10. Be3 a6 11. O-O b5 12. Be2 Nd5 13. Nxd5 exd5 14. Rfc1 Be6 15. a4 bxa4 16. Qxa4 Nd7 17. Nc6 Qb6 18. Bxa6 Qxb2 19. Rcb1 Qc3 20. Ra3 Nb6 21. Qa5 Qxa5 22. Rxa5 Nc4 23. Bxc4 Rxa5 24. Nxa5 dxc4 25. Rc1 Rc8 26. Nb7 Bd5 27. Nc5 h5 28. f3 Ra8 29. Nd7 Ra3 30. Kf2 Rd3 31. Nb6 Bxd4 32. Nxd5 Bb2 33. Nf4 Rxe3 34. Rxc4 Re8 35. Nd5 Bg7 36. g4 Rd8 37. Ne7+ Kf8 38. Nc6 Rd2+ 39. Kg3 hxg4 40. fxg4 Rd6 41. h4 Re6 42. Kf3 Rf6+ 43. Kg3 Re6 44. Kf3 Rf6+ 45. Ke4 Re6+ 46. Kd5 Bf6 47. g5 Bg7 48. Ra4 Kg8 49. Ra8+ Kh7 50. Nd8 Re5+ 51. Kd6 f6 52. Ne6 fxg5 53. Nxg5+ Kh6 54. Nf7+ Kh5 55. Nxe5 1-0


[Site "https://www.chess.com"]

[Event "Titled Tuesday Blitz June 20 Late 2023"]
[White "Henriquez Villagra, Cristobal"]
[Black "Rostomyan, Mikayel"]
[WhiteFideId "3409350"]
[BlackFideId "13313754"]
[WhiteElo "2542"]
[BlackElo "2061"]
[Result "1-0"]
[Round "3"]
[TimeControl "180+2"]
[Date "2023.06.20"]
[WhiteClock "0:00:31"]
[BlackClock "0:00:03"]
[Board "45"]

1. g3 d5 2. Bg2 e5 3. c4 Be6 4. cxd5 Bxd5 5. Nf3 Nc6 6. O-O Be7 7. Nc3 Be6 8. b4 Bxb4 9. Nxe5 Nge7 10. Nxc6 bxc6 11. Qa4 Bxc3 12. dxc3 O-O 13. Ba3 Re8 14. Rfd1 Qc8 15. Bxe7 Rxe7 16. Bxc6 Rb8 17. Rab1 Rb6 18. Qxa7 Kf8 19. Rxb6 cxb6 20. Qxb6 Rc7 21. Bb5 g6 22. Qd6+ Kg7 23. Qe5+ Kg8 24. Qf6 Bd7 25. Bxd7 Rxd7 26. Rxd7 Qxd7 27. Qd4 Qe6 28. a4 Qxe2 29. a5 h5 30. h4 Kh7 31. Kg2 Kg8 32. Qd8+ Kh7 33. Qd5 Kg8 34. c4 Qa2 35. Qb5 Qc2 36. Qb7 Qxc4 37. a6 1-0


[Site "https://www.chess.com"]

[Event "Titled Tuesday Blitz June 20 Late 2023"]
[White "Sjugirov, Sanan"]
[Black "Jarmula, Lukasz"]
[WhiteFideId "4189302"]
[BlackFideId "1160664"]
[WhiteElo "2569"]
[BlackElo "2372"]
[Result "0-1"]
[Round "3"]
[TimeControl "180+2"]
[Date "2023.06.20"]
[WhiteClock "0:00:00"]
[BlackClock "0:00:45"]
[Board "46"]

1. d4 d6 2. Nf3 g6 3. e4 Nf6 4. Bd3 Bg7 5. c3 O-O 6. O-O Nc6 7. Re1 e5 8. h3 a5 9. Nbd2 Re8 10. Bc2 Bd7 11. Nf1 exd4 12. cxd4 d5 13. e5 Ne4 14. Ng3 Nxg3 15. fxg3 Nb4 16. Bb1 c5 17. dxc5 Qc7 18. Kh2 Qxc5 19. Be3 Qc7 20. Bf4 Be6 21. a3 Nc6 22. Bd3 d4 23. Bb5 Qb6 24. Bxc6 bxc6 25. Qxd4 c5 26. Qc3 Rab8 27. Ng5 Bd5 28. Re2 Qc6 29. Rae1 a4 30. Ne4 Bxe4 31. Rxe4 Rb3 32. Qc4 Qe6 33. Qxe6 Rxe6 34. Rxa4 h6 35. Re2 g5 36. Bc1 Bxe5 37. Rae4 Bxg3+ 38. Kg1 Rd6 39. Re8+ Kh7 40. Rd2 Rxd2 41. Bxd2 Rxb2 42. Be1 Rb1 43. Kf1 c4 0-1


[Site "https://www.chess.com"]

[Event "Titled Tuesday Blitz June 20 Late 2023"]
[White "Saric, Ivan"]
[Black "MKlose11"]
[WhiteFideId "14508150"]
[WhiteElo "2576"]
[BlackElo "2598"]
[Result "1-0"]
[Round "3"]
[TimeControl "180+2"]
[Date "2023.06.20"]
[WhiteClock "0:00:40"]
[BlackClock "0:00:04"]
[Board "47"]

1. e4 e6 2. d3 d5 3. Nd2 Nf6 4. Ngf3 b6 5. c3 Be7 6. e5 Nfd7 7. d4 c5 8. h4 cxd4 9. cxd4 Ba6 10. h5 h6 11. Bxa6 Nxa6 12. a3 Rc8 13. Nf1 O-O 14. Ne3 f6 15. Qe2 Nab8 16. exf6 Bxf6 17. Ng4 Qe7 18. O-O Nc6 19. Rd1 Rcd8 20. g3 e5 21. dxe5 Ndxe5 22. Nxf6+ Qxf6 23. Nxe5 Nxe5 24. Bf4 Nc4 25. b3 Na5 26. Rab1 Kh8 27. Rd3 Rfe8 28. Qf3 d4 29. Rbd1 Nc6 30. b4 Ne5 31. Bxe5 Qxe5 32. Kg2 Rd5 33. Rh1 Re6 34. Rh4 Rf6 35. Qd1 Qf5 36. Rf4 Qe6 37. Rfxd4 Rxd4 38. Rxd4 Qc6+ 39. Kg1 Qf3 40. Rd8+ Kh7 41. Qc2+ Qf5 42. Qa2 Qxh5 43. Qg8+ Kg6 44. Qe8+ Kg5 45. Rd5+ 1-0


[Site "https://www.chess.com"]

[Event "Titled Tuesday Blitz June 20 Late 2023"]
[White "Rustemov, Alexander"]
[Black "WindWhistler11"]
[WhiteFideId "4119002"]
[WhiteElo "2867"]
[BlackElo "2556"]
[Result "1-0"]
[Round "3"]
[TimeControl "180+2"]
[Date "2023.06.20"]
[WhiteClock "0:00:06"]
[BlackClock "0:00:00"]
[Board "48"]

1. d4 Nf6 2. c4 e6 3. Nf3 b6 4. a3 Bb7 5. Nc3 d5 6. Bg5 Nbd7 7. cxd5 exd5 8. e3 Be7 9. Bd3 h6 10. Bh4 O-O 11. O-O Re8 12. Qc2 a6 13. Rad1 Ne4 14. Bxe7 Qxe7 15. Rc1 Rac8 16. b4 f5 17. Qb3 Qf7 18. Rc2 b5 19. a4 c6 20. Ne2 g5 21. a5 Nd6 22. Nc1 Nc4 23. Re2 Re6 24. Bb1 Rce8 25. Rfe1 g4 26. Nd2 f4 27. Qd3 f3 28. Qf5 fxe2 29. Qxg4+ Qg7 30. Qxe2 Nf6 31. Nf3 Bc8 32. Nd3 Ng4 33. h3 Ngxe3 34. fxe3 Rxe3 35. Qf2 Rxe1+ 36. Ndxe1 Bxh3 37. Bd3 Bg4 38. Qh4 Bxf3 39. Nxf3 Nd6 40. Qh5 Nf7 41. Bg6 Re7 42. Bxf7+ Rxf7 43. Ne5 Rf4 44. Qe8+ Kh7 45. Qe6 Rf6 46. Qe8 h5 47. Nxc6 Rg6 48. Qe2 Qh6 49. Ne5 Rg7 50. Qf3 Kg8 51. Qf5 Qc1+ 52. Kh2 Qg5 53. Qe6+ Kh7 54. Qxd5 Qf4+ 55. Kg1 Qe3+ 56. Kh2 Qf4+ 57. Kg1 Qe3+ 58. Kf1 Qf4+ 59. Nf3 Qc1+ 60. Kf2 Qb2+ 61. Ke1 Qc1+ 62. Kf2 Qc2+ 63. Ke1 Re7+ 64. Ne5 Qc1+ 65. Kf2 Qf4+ 66. Ke2 Qg4+ 67. Kd3 Qf5+ 68. Qe4 Qxe4+ 69. Kxe4 Rg7 70. Kf3 Re7 71. Ke4 Rf7 72. d5 Rg7 73. d6 1-0


[Site "https://www.chess.com"]

[Event "Titled Tuesday Blitz June 20 Late 2023"]
[White "Elsa167"]
[Black "Piesik, Piotr"]
[BlackFideId "1136194"]
[WhiteElo "2822"]
[BlackElo "2303"]
[Result "1-0"]
[Round "3"]
[TimeControl "180+2"]
[Date "2023.06.20"]
[WhiteClock "0:00:07"]
[BlackClock "0:00:40"]
[Board "49"]

1. d4 c5 2. d5 e5 3. Nc3 d6 4. e4 Be7 5. Be2 Bg5 6. Nf3 Bxc1 7. Qxc1 Ne7 8. Nd2 O-O 9. Nc4 a6 10. a4 Ng6 11. g3 Bh3 12. a5 Qc7 13. Nb6 Ra7 14. Qe3 Nd7 15. Nca4 f5 16. Nxd7 Qxd7 17. Nb6 Qe7 18. exf5 Bxf5 19. c3 Qf6 20. O-O-O Ne7 21. f4 exf4 22. Qxf4 Nc8 23. Nxc8 Bxc8 24. Qxf6 Rxf6 25. Rhf1 Bh3 26. Rxf6 gxf6 27. Bh5 Ra8 28. Re1 Kf8 29. g4 Rd8 30. Re6 Kg7 31. Re7+ Kh6 32. Rf7 Kg5 33. Rxh7 f5 34. Rg7+ Kh4 35. Bg6 Bxg4 36. Kd2 f4 37. Ke1 Rd7 38. Rxd7 Bxd7 39. Kf2 Kg4 40. Bf7 Kf5 41. h4 Bb5 42. Be6+ Ke5 43. h5 Bd3 44. h6 Be4 45. c4 Kf6 46. Bc8 Bd3 47. b3 Bc2 48. Bxb7 Bxb3 49. Bxa6 Kg6 50. Bb5 1-0


[Site "https://www.chess.com"]